AoeStats
← ZzZz7z

Arena

510623007Analyzed
2v2 RM · 19h ago on Oct 1, 2026· 34m 7s· 4 players
Game mode
Random Map
Map size
Medium (4 player)
Population
200
Speed
Normal
Resources
Standard
Victory
Conquest
Starting age
Dark Age
Ending age
Imperial Age
RankedLock teamsTeams togetherTeam positionsShared explorationLock speedFull tech treeHidden civsTurbo modeCheats
Victory
Defeat
🇦🇷 Byzantines · Argentina
1190
+18
🇺🇸 Khitans · United States
1190
+18
🇺🇸 Vietnamese · United States
1263
-19
🇨🇴 Lithuanians · Colombia
1213
-17
ZzZz7z
10:07 Feudal Age
8:37 Loom
9:12 Loom
15:03 Castle Age
15:46 Double-Bit Axe
21:00 Redemption
22:03 Sanctity
23:24 Horse Collar
26:15 Wheelbarrow
26:56 Bow Saw
28:07 Fervor
31:48 Imperial Age
31:12 Scale Barding Armor
31:17 Forging
31:18 Gold Mining
34:39 Hand Cart
franciscoC137
10:48 Feudal Age
11:46 Loom
15:16 Castle Age
14:07 Double-Bit Axe
16:14 Bow Saw
17:31 Domestication
20:09 Husbandry
31:00 Scale Barding Armor
33:35 Chain Barding Armor
33:26 Forging
Shotzsik
10:44 Feudal Age
10:41 Loom
15:22 Castle Age
14:09 Double-Bit Axe
14:38 Horse Collar
16:26 Scale Mail Armor
28:51 Fletching
33:44 Bloodlines
33:35 Husbandry
33:43 Bodkin Arrow
Jota
Connection lost

Rejoining the realm…

Still unreachable

The connection could not be restored.

Session expired

The server has moved on; the page needs a fresh start.